 Dungeon Crawl Stone Soup version 0.29.1-1-gd02db6906a (webtiles) character file.

Game seed: 12656353671617588862

26 xian the Trooper (level 2, -3/24 HPs)
             Began as a Demonspawn Abyssal Knight on Oct 4, 2022.
             Was a Believer of Lugonu.
             Slain by a worm (10 damage)
             ... on level 2 of the Dungeon.
             The game lasted 00:02:13 (1188 turns).

xian the Trooper (Demonspawn Abyssal Knight)        Turns: 1188, Time: 00:02:14

Health: -3/24      AC:  3    Str: 13    XL:     2   Next: 89%
Magic:  4/4        EV: 11    Int: 11    God:    Lugonu [**....]
Gold:   44         SH:  0    Dex: 13    Spells: 1/1 levels left

rFire   . . .      SeeInvis .   a - +1 hand axe
rCold   . . .      Faith    .   (no shield)
rNeg    . . .      Spirit   .   b - +0 leather armour
rPois   .          Reflect  .   (no helmet)
rElec   .          Harm     .   (no cloak)
rCorr   .          Rampage  .   (no gloves)
Will    .....                   (no boots)
Stlth   +.........              (no amulet)
HPRegen 0.08/turn               (no ring)
MPRegen 0.09/turn               (no ring)

@: no status effects
A: foul stench 1
a: Renounce Religion, Depart the Abyss, Bend Space


You were on level 2 of the Dungeon.
You worshipped Lugonu.
Lugonu was pleased with you.
You visited 1 branch of the dungeon, and saw 2 of its levels.
You visited the Abyss 1 time.

You collected 44 gold pieces.

Inventory:

Hand Weapons
 a - a +1 hand axe (weapon)
Missiles
 d - 4 poisoned darts (quivered)
Armour
 b - a +0 leather armour (worn)
Scrolls
 c - a scroll of butterflies {unknown}
 f - a scroll of immolation {unknown}
Potions
 e - a potion of haste {unknown}


   Skills:
 + Level 3.5 Fighting
 + Level 2.2 Axes
 + Level 1.9 Armour
 + Level 1.0 Dodging
 + Level 2.7 Invocations


You had one spell level left.
You didn't know any spells.
Your spell library was empty.

Dungeon Overview and Level Annotations

Branches:
Dungeon (2/15)

Altars:


Innate Abilities, Weirdness & Mutations

You may rarely emit foul miasma when damaged in melee.


Message History

You hit the rat.
You kill the rat!
Lugonu accepts your kill.
A worm comes into view.
You see here a rat corpse.
A kobold comes into view. It is wielding a +0 club.
The kobold shouts!
There are monsters nearby!
You see here a rat corpse.
The kobold closely misses you.
You see here a rat corpse.
You closely miss the kobold. The kobold hits you with a +0 club.
You completely miss the kobold. The kobold closely misses you.
You hit the kobold.
You kill the kobold!
Lugonu accepts your kill.
You hit the worm. The worm bites you.
Things that are here:
a +0 club; a kobold corpse
Found a scroll labelled TEORCHOMEB.
You hit the worm but do no damage. The worm bites you but does no damage.
You hit the worm.
The worm is lightly wounded.
You hit the worm.
The worm is lightly wounded.
The worm bites you.
You hit the worm.
The worm is moderately wounded.
The worm bites you.
You hit the worm.
The worm is moderately wounded.
The worm bites you.
* * * LOW HITPOINT WARNING * * *
You hit the worm.
The worm is moderately wounded.
You hit the worm.
The worm is heavily wounded.
The worm bites you!
You die...

.... #... #...
#... #... .#
#.?. .##
#...###..###
##...........
.....##@.......
####. #w.......
####.##........
........###+###
......).#
.......)#
#.......†#
#........#
#........#


You could see a worm.

Vanquished Creatures
  2 dart slugs (D:1)
  A ball python (D:1)
  3 endoplasms (D:1)
  A giant cockroach (D:1)
  2 hobgoblins (D:1)
  A kobold (D:2)
  A quokka (D:2)
  3 bats
  4 frilled lizards
  4 rats
22 creatures vanquished.

Notes
Turn   | Place    | Note
-------+----------+-------------------------------------------
     0 | Abyss:1  | xian the Demonspawn Abyssal Knight began the quest for the
                  | Orb.
     0 | Abyss:1  | Reached XP level 1. HP: 18/18 MP: 2/2
     1 | D:1      | Escaped the Abyss
   285 | D:1      | Gained mutation: You may rarely emit foul miasma when
                  | damaged in melee. [demonic ancestry]
   285 | D:1      | Reached XP level 2. HP: 16/24 MP: 3/3
   527 | D:1      | Reached skill level 1 in Dodging
  1188 | D:2      | Slain by a worm

Illustrated notes

Levels and vault maps discovered:
D:1:      spicycebolla_green_bress_n_ham, layout_loops_cross, serial_glass,
          glass_columns_c, glass_columns_b, glass_columns_a, glass_columns_a,
          glass_columns_c, glass_columns_c
D:2:      layout_basic, serial_shops, nicolae_shop_bloodbath_and_beyond

Skill      XL: |  1  2 |
---------------+-------+-----
Axes           | 2 |  2.2
Dodging        | 1 |  1.0
Fighting       | |  3.5
Armour         | |  1.9
Invocations    | |  2.7

Action                   || total
-------------------------++-------
Melee: Hand axe          ||    68
       Punch             ||     1
Throw: Dart              ||     3
Armor: Leather armour    ||    22
Dodge: Dodged            ||    47
